 Dungeon Crawl Stone Soup version 0.14-a0-1626-g054e7ae (webtiles) character file.

276 M4edhros the Sneak (level 5, -4/33 HPs)
             Began as an Octopode Artificer on Dec 26, 2013.
             Slain by a two-headed ogre
             ... wielding a +0,+0 dire flail
              (19 damage)
             ... on Level 4 of the Dungeon.
             The game lasted 00:02:30 (2129 turns).

M4edhros the Sneak (Octopode Artificer)             Turns: 2129, Time: 00:02:31

HP  -4/33        AC  1     Str 10      XL: 5   Next: 40%
MP   7/7         EV 12     Int 15      God:
Gold 118         SH  0     Dex 13      Spells:  0 memorised,  4 levels left

rFire  + . .     SeeInvis .     g - +3,+4 quarterstaff (chaos)
rCold  + . .     Clarity  .     (no shield)
rNeg   . . .     Conserve .     (helmet restricted)
rPois  +         rCorr    .     (no amulet)
rElec  +         rRot     .     (no ring)
SustAb . .       Spirit   .     (no ring)
rMut   .         Warding  .     (no ring)
Saprov . . .     Stasis   .     (no ring)
                                (no ring)
                                (no ring)
                                (no ring)
                                (no ring)

@: very slightly contaminated, hasted (expiring), very quick, slightly resistant
to hostile enchantments, very stealthy
A: almost no armour, amphibious, 8 rings, constrict 8, camouflage 1, gelatinous
body 1
a: no special abilities


You were on level 4 of the Dungeon.
You were not hungry.

You visited 1 branch of the dungeon, and saw 4 of its levels.

You collected 118 gold pieces.

Inventory:

Hand weapons
 a - a +0,+0 short sword
 g - a +3,+4 quarterstaff of chaos (weapon)
 j - a +1,+0 elven whip of venom
Missiles
 o - 8 poisoned tomahawks (quivered)
Magical devices
 b - a wand of flame (13)
 c - a wand of enslavement (11)
 d - a wand of random effects (14)
Comestibles
 f - 2 bread rations
 h - a meat ration
Scrolls
 e - a scroll of remove curse {unknown}
 i - a scroll of teleportation {unknown}
 l - 2 scrolls of identify {unknown}
 m - a scroll of noise {unknown}
 p - 2 scrolls of magic mapping {unknown}
 q - a scroll of curse jewellery {unknown}
 s - a scroll of enchant weapon II {unknown}
 u - a scroll of curse armour {unknown}
 v - a scroll of amnesia {unknown}
 w - a scroll of random uselessness {unknown}
Jewellery
 n - an uncursed amulet of conservation {unknown}
 t - an uncursed amulet of faith {unknown}
Potions
 r - a potion of resistance


   Skills:
 - Level 1.0 Fighting
 - Level 1.0 Short Blades
 - Level 2.0 Dodging
 + Level 7.3 Stealth
 - Level 3.2 Evocations


You had 4 spell levels left.
You didn't know any spells.

Dungeon Overview and Level Annotations

Branches:
Dungeon (4/16)
 Temple: D:4-7

Altars:
Zin

Annotations:
D:3 Restia's ghost, average TeBe


Innate Abilities, Weirdness & Mutations

You cannot wear most types of armour.
You are amphibious.
You can wear up to eight rings at the same time.
You can use your tentacles to constrict many enemies at once.
Your skin changes colour to match your surroundings (Stlth).
Your rubbery body absorbs attacks (AC +1).


Message History

Your extra speed is starting to run out.
Evoke which item? (* to show all) (? for menu, Esc to quit)
Zapping:
c - a wand of enslavement (14)
Press: ? - help, Shift-Dir - straight line, f/p - two-headed ogre
Aim: a two-headed ogre, wielding a dire flail and a giant club (lightly wounded)
The two-headed ogre resists.
This wand has 13 charges left.
The two-headed ogre closely misses you.
Evoke which item? (* to show all) (? for menu, Esc to quit)
Zapping:
c - a wand of enslavement (13)
Press: ? - help, Shift-Dir - straight line, f/p - two-headed ogre
Aim: a two-headed ogre, wielding a dire flail and a giant club (lightly wounded)
The two-headed ogre resists.
This wand has 12 charges left.
Evoke which item? (* to show all) (? for menu, Esc to quit)
Zapping:
c - a wand of enslavement (12)
Press: ? - help, Shift-Dir - straight line, f/p - two-headed ogre
Aim: a two-headed ogre, wielding a dire flail and a giant club (lightly wounded)
The two-headed ogre resists.
This wand has 11 charges left.
The two-headed ogre hits you with a dire flail!
Ouch! That really hurt!
You die...

# #.#......#..##### #
#.#......#..# #
#.#......#..####### #
#.#......#........# #####
#.#......#......?.####
.....
.>#......#.............
..... ..#......#..........#
####....#####'##..)..####.#
+............@O...#
#......#########..#
+......# #..# #......# #..#
#......# #..# ####......#
#..# ..........# #..#
..........# #..#
####......####### .


You could see a two-headed ogre.

Vanquished Creatures
  Crazy Yiuf (D:2)
  2 worker ants (D:4)
  A scorpion (D:4)
  A gnoll (D:1)
  A worm (D:4)
  A giant gecko (D:1)
  An orc (D:4)
  6 goblins
  7 hobgoblins
  2 jackals (D:2)
  4 quokkas
  3 bats
  A giant newt (D:1)
  3 kobolds
  6 rats
40 creatures vanquished.

Notes
Turn   | Place    | Note
--------------------------------------------------------------
     0 | D:1      | M4edhros, the Octopode Artificer, began the quest for the Orb.
     0 | D:1      | Reached XP level 1. HP: 13/13 MP: 1/1
   300 | D:1      | Reached XP level 2. HP: 13/18 MP: 3/3
   554 | D:1      | Reached skill level 4 in Stealth
   645 | D:2      | Reached XP level 3. HP: 21/23 MP: 4/4
   665 | D:2      | Found a glowing silver altar of Zin.
  1348 | D:2      | Noticed Crazy Yiuf
  1377 | D:2      | Killed Crazy Yiuf
  1377 | D:2      | Reached skill level 5 in Stealth
  1377 | D:2      | Reached XP level 4. HP: 3/28 MP: 6/6
  1785 | D:3      | Noticed Restia's ghost (average TeBe)
  1794 | D:4      | Reached skill level 6 in Stealth
  1871 | D:4      | Reached XP level 5. HP: 28/33 MP: 7/7
  1970 | D:4      | Reached skill level 7 in Stealth
  2113 | D:4      | Noticed a two-headed ogre
  2129 | D:4      | Slain by a two-headed ogre

Action                   |  1- 3 |  4- 6 || total
-------------------------+-------+-------++-------
Melee: Whip              |    59 |       ||    59
       Short sword       |     2 |       ||     2
       Quarterstaff      |       |    21 ||    21
Evoke: Wand              |     2 |     5 ||     7
  Use: Potion            |     5 |     2 ||     7
 Stab: Sleeping          |     7 |     8 ||    15
       Distracted        |     1 |       ||     1
